 Dungeon Crawl Stone Soup version 0.18-a0-1273-g8ec5f8e (webtiles) character file.

112189 dvd the Eclecticist (level 16, -8/86 HPs)
             Began as a Deep Elf Fire Elementalist on Feb 5, 2016.
             Was a High Priest of Vehumet.
             Mangled by a spriggan rider
             ... wielding a +0 spear
              (21 damage)
             ... on level 2 of the Swamp on Feb 7, 2016.
             The game lasted 03:39:37 (37885 turns).

dvd the Eclecticist (Deep Elf Fire Elementalist)   Turns: 37885, Time: 03:39:38

Health: -8/86      AC: 16    Str: 12    XL:     16   Next: 11%
Magic:  12/39      EV: 21    Int: 28    God:    Vehumet [*****.]
Gold:   2563       SH: 12    Dex: 23    Spells: 12 memorised, 10 levels left

rFire  . . .     SeeInvis +     a - +8 rapier (speed)
rCold  + + .     Gourm    .     w - +2 robe "Vontynie" {rC++ Str+3}
rNeg   + . .     Faith    .     i - +3 shield of the Maze {rElec rPois rC- SInv}
rPois  +         Spirit   .     N - +2 hat {MR+}
rElec  +         Dismiss  .     g - +2 cloak
rCorr  .         Reflect  .     A - +2 pair of gloves
SustAt .         Harm     .     O - +2 pair of boots
MR     ++...                    (no amulet)
Stlth  ++++++....               d - ring "Piumm" {rC+ rN+ Str+4 Dex+4}
                                t - +4 ring of dexterity

@: about to teleport, delayed fireball, very resistant to hostile enchantments,
very stealthy
A: mutation resistance 1, MP-powered wands
a: Renounce Religion, Release Delayed Fireball


You were on level 2 of the Swamp.
You worshipped Vehumet.
Vehumet was extremely pleased with you.
You were not hungry.

You visited 5 branches of the dungeon, and saw 26 of its levels.
You also visited: Labyrinth.

You collected 2563 gold pieces.

Inventory:

Hand Weapons
 a - a +8 rapier of speed (weapon)
 C - the +8 rapier "Ablyrut" {elec, *Rage rElec rN+ MR+}
   (You found it on level 13 of the Dungeon)

   Occasionally, upon striking a foe, it will discharge some electrical energy
   and cause terrible harm.
   It insulates you from electricity.
   It protects you from negative energy.
   It affects your resistance to hostile enchantments.
   It may make you go berserk in combat.
Armour
 g - a +2 cloak (worn)
 i - the +3 shield of the Maze (worn) {rElec rPois rC- SInv}
   (You took it off a minotaur in a labyrinth)

   It makes you vulnerable to cold.
   It insulates you from electricity.
   It protects you from poison.
   It lets you see invisible.
 p - a +2 robe of the Archmagi
 u - a +2 robe of fire resistance
 w - the +2 robe "Vontynie" (worn) {rC++ Str+3}
   (You found it on level 8 of the Dungeon)

   It affects your strength (+3).
   It greatly protects you from cold.
 A - a +2 pair of gloves (worn)
 G - the +5 scale mail "Gejiuh" {MR+ MP+9 Slay+2 SInv}
   (You found it on level 3 of the Lair of Beasts)

   It affects your accuracy and damage with ranged weapons and melee attacks
   (+2).
   It affects your resistance to hostile enchantments.
   It affects your magic capacity (+9).
   It lets you see invisible.
 K - a +3 leather armour of poison resistance
 N - a +2 hat of magic resistance (worn)
 O - a +2 pair of boots (worn)
 P - a +3 buckler of reflection
Magical Staves
 y - an uncursed staff of fire
 J - an uncursed staff of earth
Jewellery
 d - the ring "Piumm" (right hand) {rC+ rN+ Str+4 Dex+4}
   (You found it on level 6 of the Dungeon)

   [ring of positive energy]

   It affects your strength (+4).
   It affects your dexterity (+4).
   It protects you from cold.
   It protects you from negative energy.
 t - a +4 ring of dexterity (left hand)
 S - an uncursed ring of resist corrosion
Wands
 j - a wand of paralysis (7/24)
 l - a wand of paralysis (9/24)
 n - a wand of random effects (18/48)
 s - a wand of flame (16/48)
 x - a wand of flame (18/48)
 E - a wand of lightning (3/15)
 I - a wand of lightning (8/15)
 L - a wand of teleportation (2/9)
 Q - a wand of iceblast (6/15)
 T - a wand of enslavement (15/24)
 U - a wand of confusion (17/48)
 W - a wand of disintegration (2/24)
 Z - a wand of iceblast (6/15)
Scrolls
 e - 12 scrolls of identify
 f - 2 scrolls of magic mapping
 m - a scroll of brand weapon {unknown}
 o - 2 scrolls of remove curse
 q - 2 scrolls of enchant armour
 r - 7 scrolls of amnesia
 v - 8 scrolls of fog
 D - 6 scrolls of recharging
 H - a scroll of blinking
Potions
 z - 4 potions of brilliance
 B - a potion of flight
 F - 8 potions of curing
 X - a potion of cure mutation
Books
 b - Roxanne's Guide on Clay and Transmigration
   (You took it off Roxanne on level 1 of the Swamp)

   Spells                             Type                      Level
   a - Sandblast                      Earth                        1
   b - Passwall                       Transmutation/Earth          2
   c - Petrify                        Transmutation/Earth          4
   d - Bolt of Magma                  Conjuration/Fire/Earth       5
   e - Statue Form                    Transmutation/Earth          6
Comestibles
 c - 18 bread rations
 h - 16 royal jellies
 k - 10 meat rations
 M - 22 fruits


   Skills:
 + Level 4.6 Fighting
 + Level 6.2 Short Blades
 + Level 0.6 Staves
 + Level 5.0 Armour
 + Level 11.0 Dodging
 + Level 12.9 Stealth
 + Level 3.6 Shields
 + Level 17.7 Spellcasting
 + Level 11.3 Conjurations
 + Level 11.1 Hexes
 + Level 4.3 Charms
 + Level 3.1 Necromancy
 + Level 2.5 Translocations
 + Level 12.6 Fire Magic
 + Level 4.0 Ice Magic
 + Level 4.7 Earth Magic
 + Level 0.4 Poison Magic
 + Level 0.4 Evocations


You had 10 spell levels left.
You knew the following spells:

 Your Spells              Type           Power        Failure   Level  Hunger
a - Confuse               Hex            ######..     1%          3    None
b - Throw Flame           Conj/Fire      ######       1%          2    None
c - Sticky Flame          Conj/Fire      ######..     1%          4    None
d - Fireball              Conj/Fire      ######....   1%          5    None
e - Force Lance           Conj/Tloc      ######..     1%          4    None
f - Ensorcelled Hibernat  Hex/Ice        ######       1%          2    None
g - Tukima's Dance        Hex            ######..     1%          3    None
h - Bolt of Magma         Conj/Fire/Erth ######....   1%          5    None
i - Delayed Fireball      Conj/Fire      N/A          21%         7    #####..
j - Venom Bolt            Conj/Pois      ######....   5%          5    None
k - Regeneration          Chrm/Necr      #####.....   6%          3    None
l - Blink                 Tloc           N/A          4%          2    None


Dungeon Overview and Level Annotations

Branches:
Dungeon (13/15)            Temple (1/1) D:6            Lair (8/8) D:8
  Swamp (2/4) Lair:5        Snake (0/4) Lair:6        Slime (0/6) Lair:7
    Orc (2/2) D:9             Elf (0/3) Orc:2        Vaults (0/5) D:13

Altars:
Ashenzari
Cheibriados
Dithmenos
Elyvilon
Fedhas
Gozag
Kikubaaqudgha
Makhleb
Nemelex Xobeh
Okawaru
Pakellas
Qazlal
Ru
Sif Muna
Trog
Vehumet
Xom
Yredelemnul
Zin
The Shining One
Beogh
Jiyva

Shops:
D:7 :   D:9 [?%(   D:10 !   Orc:2 *!=}(


Innate Abilities, Weirdness & Mutations

You are somewhat resistant to further mutation.
You expend magic power (3 MP) to strengthen your wands.


Message History

Unknown command.
The spriggan burns!
The spriggan completely misses you.
The spriggan rider is engulfed in a cloud of scalding steam.
The spriggan burns!
The giant leech barely misses you.
The spriggan rider is engulfed in a cloud of scalding steam.
The flames covering the spriggan go out.
The spriggan stops burning.
The spriggan rider is engulfed in a cloud of scalding steam.
The spriggan rider hits you from afar with a spear!!
* * * LOW HITPOINT WARNING * * *
The spriggan throws a stone.
The stone misses you.
Unknown command.
Evoke which item? (* to show all) (? for menu, Esc to quit)
Zapping:
L - a wand of teleportation (3/9)
Press: ? - help, Shift-Dir - straight line, f - you, p - spriggan rider You feel strangely unstable.
This wand has 2 charges left.
The spriggan rider is engulfed in a cloud of scalding steam.
You block the spriggan rider's attack.
The spriggan rider hits you from afar with a spear!!
You die...

≈§≈≈≈≈≈≈≈.≈≈≈.≈≈♣♣♣
≈....≈≈≈≈<.§≈≈≈≈..♣♣ ≈
≈.♣♣≈≈≈♣≈≈≈♣.≈≈≈≈..♣♣♣ .≈
≈≈...≈≈...≈≈.≈...≈..≈♣♣♣..i♣...
≈.♣≈.≈≈♣♣≈≈♣...≈≈≈≈.≈≈♣≈.♣....♣
≈.≈≈.♣♣♣♣♣♣♣♣♣.≈♣♣≈.≈..≈♣≈≈≈.≈♣
♣.≈≈.♣ ♣♣≈≈≈≈.≈.♣.≈≈≈≈≈. .....♣
♣(..≈i§≈.....≈≈.≈ ♣.≈≈.♣
♣♣.@wii..§♣♣..≈.♣ ♣§≈≈.♣
♣♣♣.i≈♣..♣♣♣...♣ ♣.≈≈.♣
♣♣≈≈.♣♣.......♣ ♣....♣
♣.≈....♣≈.≈...♣♣ ♣.≈≈≈♣
♣....♣♣♣.≈≈....♣♣ ♣.≈≈≈≈
♣♣≈≈.♣♣ ♣♣.≈§....♣ ♣≈≈...
♣♣.≈≈♣♣ ♣≈≈≈≈≈§♣♣ .>..♣ ♣♣....♣
♣♣.≈.≈.≈.♣ ♣♣≈≈≈.♣ ♣♣♣♣♣≈≈..♣♣
♣≈≈≈.≈..♣♣


You could see a giant leech, 3 spriggan riders and a spriggan.

Vanquished Creatures
  Rupert (Orc:2)
  Kirke (Lair:8)
  Roxanne (Swamp:1)
  Nessos (Lair:6)
  A minotaur (Lab)
  12 hydras
  A ghost crab (Swamp:2)
  The ghost of yogakurto the Nimble, a novice TrAs of Dithmenos (Lair:1)
  3 alligators
  3 catoblepae (Lair:8)
  2 dancing weapons (D:13)
  20 death yaks
  4 orc high priests (Orc:2)
  An unseen horror (D:13)
  3 swamp dragons
  Pikel (D:8)
  A hill giant (D:13)
  3 orc knights (Orc:2)
  A wolf spider zombie (D:13)
  2 ugly things
  An oklob plant (Lair:7)
  2 hornets
  6 orc sorcerers
  A cyclops (D:12)
  3 griffons
  A centaur zombie (D:13)
  7 black mambas
  13 elephants
  3 gargoyles (D:12)
  9 komodo dragons
  A kobold demonologist (D:12)
  23 spiny frogs
  11 fire drakes
  A polar bear (Lair:3)
  A queen bee (Lair:4)
  4 trolls
  2 giant leeches (Swamp:1)
  5 slime creatures
  A two-headed ogre (D:13)
  A bog body (Swamp:1)
  30 blink frogs
  2 shadows
  A centaur simulacrum (D:12)
  2 redbacks (Lab)
  3 spriggans
  2 wraiths
  4 basilisks
  2 hogs (Lair:7)
  76 yaks
  Grum (D:8)
  5 vampire mosquitoes
  A steam dragon (Lair:6)
  12 hippogriffs
  A warg (Orc:2)
  A mottled dragon (D:12)
  A naga (Lair:6)
  5 wolves
  Menkaure (D:4)
  8 insubstantial wisps
  6 swamp worms
  19 water moccasins
  Duvessa (D:7)
  6 porcupines
  2 swamp drakes
  4 ice beasts
  14 orc warriors
  A sky beast (D:13)
  2 phantoms
  4 wasps (Swamp:2)
  2 black bears
  2 necrophages (D:9)
  9 centaurs
  5 ogres
  27 crocodiles
  A big kobold (D:9)
  20 giant frogs
  A gnoll sergeant (D:11)
  A wyvern skeleton (D:11)
  Dowan (D:7)
  7 scorpions
  A vampire bat (Lair:5)
  47 killer bees
  4 wights (D:10)
  6 electric eels (Lair:5)
  A giant frog zombie (D:13)
  8 crimson imps
  A wasp zombie (D:7)
  2 hounds
  11 jellies
  20 orc priests
  3 centaur skeletons
  4 giant frog skeletons
  26 orc wizards
  Jessica (D:3)
  9 iguanas
  Ijyb (D:2)
  6 worker ants
  3 killer bee zombies
  16 sheep
  A hound zombie (D:9)
  2 hound skeletons
  A worker ant zombie (D:9)
  Robin (D:2)
  18 adders
  7 gnolls
  54 river rats
  4 shadow imps
  10 oozes
  2 adder zombies
  4 adder skeletons
  3 worms (D:2)
  7 giant geckos
  104 orcs
  A ball python (D:3)
  18 bats
  6 giant cockroaches
  16 goblins
  12 hobgoblins
  21 jackals
  5 quokkas
  9 giant newts
  14 kobolds
  8 rats
  A bush (Lair:5)
  A fungus (Lair:4)
952 creatures vanquished.

Vanquished Creatures (collateral kills)
  2 hill giants
  3 orc knights
  2 two-headed ogres
  A yak (D:10)
  3 nagas (Lair:6)
  8 orc warriors
  4 ogres
  3 killer bees
  4 wights (D:10)
  A crimson imp (D:13)
  2 orc wizards (D:11)
  2 orc priests
  A gnoll (D:11)
  A shadow imp (D:12)
  6 orcs
43 creatures vanquished.

Vanquished Creatures (others)
  8 dancing weapons
  A human (Lair:8)
  2 slaves (D:8)
  An ogre (D:6)
  A killer bee (Lair:4)
  An orc wizard (Orc:2)
  A river rat (Lair:7)
  2 orcs
  21 fungi
  20 plants
58 creatures vanquished.

Grand Total: 1053 creatures vanquished

Notes
Turn   | Place    | Note
--------------------------------------------------------------
     0 | D:1      | dvd the Deep Elf Fire Elementalist began the quest for the Orb.
     0 | D:1      | Reached XP level 1. HP: 10/10 MP: 6/6
   243 | D:1      | Reached XP level 2. HP: 15/15 MP: 5/8
   247 | D:1      | Learned a level 2 spell: Throw Flame
   413 | D:1      | Reached skill level 4 in Fire Magic
   778 | D:1      | Reached XP level 3. HP: 17/19 MP: 6/9
  1326 | D:2      | Noticed Ijyb
  1349 | D:2      | Noticed Robin
  1358 | D:2      | Reached XP level 4. HP: 24/24 MP: 8/11
  1537 | D:2      | Killed Robin
  2221 | D:2      | Killed Ijyb
  2221 | D:2      | Reached XP level 5. HP: 23/28 MP: 5/13
  2533 | D:3      | Noticed Jessica
  2537 | D:3      | Killed Jessica
  3293 | D:3      | Reached skill level 5 in Fire Magic
  3357 | D:3      | Reached XP level 6. HP: 33/33 MP: 7/14
  3421 | D:3      | Found a faded altar to an unknown god.
  4021 | D:4      | Learned a level 4 spell: Sticky Flame
  4198 | D:4      | Noticed Menkaure
  4221 | D:4      | Reached skill level 5 in Spellcasting
  4225 | D:4      | Killed Menkaure
  4415 | D:4      | Reached XP level 7. HP: 29/37 MP: 13/17
  5394 | D:4      | Reached skill level 6 in Spellcasting
  5478 | D:5      | Entered Level 5 of the Dungeon
  5652 | D:5      | Reached skill level 1 in Fighting
  5806 | D:5      | Reached skill level 5 in Stealth
  5970 | D:5      | Reached XP level 8. HP: 43/43 MP: 14/20
  6409 | D:6      | Found a blossoming altar of Fedhas.
  6456 | D:6      | Reached skill level 7 in Spellcasting
  6456 | D:6      | Reached skill level 5 in Conjurations
  6473 | D:6      | Found a stormy altar of Qazlal.
  6550 | D:6      | Got a scorched glass ring
  6552 | D:6      | Identified the ring "Piumm" {rC+ rN+ Str+4 Dex+4} (You found it on level 6 of the Dungeon)
  6562 | D:6      | Noticed a slime creature
  6576 | D:6      | Reached skill level 1 in Armour
  6612 | D:6      | Killed a slime creature
  7166 | D:6      | Reached skill level 1 in Short Blades
  7294 | D:6      | Found a staircase to the Ecumenical Temple.
  7304 | Temple   | Entered the Ecumenical Temple
  7610 | D:6      | Learned a level 5 spell: Fireball
  7692 | D:6      | Reached XP level 9. HP: 19/47 MP: 9/22
  7938 | D:7      | Noticed Dowan
  7943 | D:7      | Killed Dowan
  7943 | D:7      | Reached skill level 5 in Dodging
  7944 | D:7      | Noticed Duvessa
  8013 | D:7      | Found an iron altar of Okawaru.
  8014 | D:7      | Found a radiant altar of Vehumet.
  8014 | D:7      | Found a deep blue altar of Sif Muna.
  8016 | D:7      | Found an ancient bone altar of Kikubaaqudgha.
  8016 | D:7      | Found a sacrificial altar of Ru.
  8029 | D:7      | Killed Duvessa
  8029 | D:7      | Reached skill level 8 in Spellcasting
  8140 | D:7      | Found a burning altar of Makhleb.
  8140 | D:7      | Found a snail-covered altar of Cheibriados.
  8141 | D:7      | Found a shadowy altar of Dithmenos.
  8170 | D:7      | Became a worshipper of Vehumet
  9493 | D:7      | Reached skill level 9 in Spellcasting
  9591 | D:7      | Learned a level 3 spell: Confuse
  9773 | D:7      | Found Zuageucw's Book Shoppe.
  9979 | D:8      | Reached * piety under Vehumet
  9979 | D:8      | Offered knowledge of Sandblast by Vehumet.
  9979 | D:8      | Reached skill level 1 in Hexes
  9988 | D:8      | Noticed a spiny frog
 10002 | D:8      | Killed a spiny frog
 10188 | D:8      | Noticed a death yak
 10189 | D:8      | Found a staircase to the Lair.
 10216 | D:8      | Killed a death yak
 10216 | D:8      | Reached XP level 10. HP: 30/53 MP: 8/25
 10331 | D:8      | Noticed Pikel
 10348 | D:8      | Killed Pikel
 10348 | D:8      | Reached skill level 10 in Spellcasting
 10414 | D:8      | Got a fine robe
 10425 | D:8      | Identified the +2 robe "Vontynie" {rC++ Str+3} (You found it on level 8 of the Dungeon)
 10487 | D:8      | Noticed Grum
 10499 | D:8      | Killed Grum
 10603 | D:8      | Gained mutation: You are somewhat resistant to further mutation. [potion of mutation]
 10603 | D:8      | Gained mutation: You expend magic power (3 MP) to strengthen your wands. [potion of mutation]
 11344 | D:9      | Reached ** piety under Vehumet
 11344 | D:9      | Offered knowledge of Freeze by Vehumet.
 11385 | D:9      | Learned a level 1 spell: Freeze
 11605 | D:9      | Learned a level 2 spell: Ensorcelled Hibernation
 11677 | D:9      | Found Neodo's Armour Emporium.
 11699 | D:9      | Found Wisim's Magic Scroll Shop.
 11718 | D:9      | Found Henoasal's Food Emporium.
 11957 | D:8      | You fall through a shaft for 2 floors!
 11957 | D:10     | Entered Level 10 of the Dungeon
 12284 | D:10     | Reached skill level 11 in Spellcasting
 12365 | D:10     | Found Hejavo's Distillery.
 12453 | D:10     | Offered knowledge of Static Discharge by Vehumet.
 12488 | D:10     | Reached XP level 11. HP: 50/58 MP: 21/28
 12509 | D:10     | Reached skill level 1 in Ice Magic
 12661 | D:9      | Found a staircase to the Orcish Mines.
 12663 | D:9      | Reached *** piety under Vehumet
 12836 | D:8      | Learned a level 3 spell: Tukima's Dance
 12939 | D:8      | Reached skill level 5 in Hexes
 13190 | D:9      | Found Cauxace's Weapon Shoppe.
 13272 | D:9      | Offered knowledge of Ignite Poison by Vehumet.
 13772 | D:10     | Noticed a hill giant
 13777 | D:10     | Killed a hill giant
 14245 | D:10     | Reached **** piety under Vehumet
 14616 | D:11     | Noticed a purple ugly thing
 14627 | D:11     | Killed a purple ugly thing
 14683 | D:11     | Offered knowledge of Airstrike by Vehumet.
 14797 | D:11     | Reached skill level 12 in Spellcasting
 15353 | D:11     | Upgraded the game from 0.18-a0-1243-g9e52518 to 0.18-a0-1267-gff090c1
 15443 | D:11     | Noticed a hill giant
 15459 | D:11     | Killed a hill giant
 15786 | Lair:1   | Entered Level 1 of the Lair of Beasts
 15899 | Lair:1   | Noticed yogakurto's ghost (novice TrAs)
 15926 | Lair:1   | Killed yogakurto's ghost
 16075 | Lair:1   | Reached ***** piety under Vehumet
 16091 | Lair:1   | Offered knowledge of Bolt of Magma by Vehumet.
 16201 | Lair:1   | Reached XP level 12. HP: 24/63 MP: 9/30
 16503 | Lair:1   | Reached skill level 1 in Shields
 17040 | Lair:1   | Learned a level 5 spell: Bolt of Magma
 17294 | Lair:2   | Noticed a four-headed hydra
 17297 | Lair:2   | Reached skill level 10 in Stealth
 17305 | Lair:2   | Reached skill level 13 in Spellcasting
 17581 | Lair:2   | Noticed a four-headed hydra
 17586 | Lair:2   | Killed a four-headed hydra
 17896 | Lair:2   | Killed a four-headed hydra
 18130 | Lair:3   | Reached skill level 1 in Earth Magic
 18247 | Lair:3   | Got a pitted scale mail
 18258 | Lair:3   | Identified the +5 scale mail "Gejiuh" {MR+ MP+9 Slay+2 SInv} (You found it on level 3 of the Lair of Beasts)
 18583 | Lair:3   | Noticed a seven-headed hydra
 18606 | Lair:3   | Killed a seven-headed hydra
 18938 | Lair:4   | Reached skill level 10 in Fire Magic
 19299 | Lair:3   | Reached skill level 14 in Spellcasting
 19381 | Lair:4   | Reached XP level 13. HP: 54/69 MP: 31/33
 19510 | Lair:4   | Identified a scroll of acquirement
 20928 | Lair:5   | Offered knowledge of Poison Arrow by Vehumet.
 21512 | Lair:5   | Found a staircase to the Swamp.
 21885 | Lair:6   | Noticed Nessos
 21894 | Lair:6   | Killed Nessos
 21907 | Lair:6   | Found a staircase to the Snake Pit.
 22423 | Lair:6   | Reached skill level 15 in Spellcasting
 23202 | Lair:6   | Reached ****** piety under Vehumet
 23524 | Lair:7   | Offered knowledge of Delayed Fireball by Vehumet.
 23752 | Lair:7   | Reached skill level 5 in Short Blades
 23887 | Lair:7   | Reached XP level 14. HP: 64/76 MP: 35/35
 24073 | Lair:7   | Learned a level 7 spell: Delayed Fireball
 24329 | Lair:7   | Found a viscous altar of Jiyva.
 24330 | Lair:7   | Found a staircase to the Slime Pits.
 24770 | Lair:8   | Entered Level 8 of the Lair of Beasts
 24822 | Lair:8   | Noticed Kirke
 24932 | Lair:8   | Killed Kirke
 25130 | Lair:8   | Reached skill level 10 in Conjurations
 25363 | Lair:8   | Got a warped leather armour
 25637 | Lair:8   | Reached skill level 16 in Spellcasting
 25808 | Lair:8   | Reached skill level 10 in Hexes
 26248 | Lair:8   | Offered knowledge of Venom Bolt by Vehumet.
 26594 | Lair:8   | Reached skill level 10 in Dodging
 26930 | Lair:8   | Learned a level 4 spell: Force Lance
 27083 | Lair:8   | Reached XP level 15. HP: 80/80 MP: 23/37
 27090 | Lair:8   | Learned a level 5 spell: Venom Bolt
 27121 | Lair:8   | Identified the +3 leather armour of Ikluipn {rN+} (You found it on level 8 of the Lair of Beasts)
 27581 | Orc:1    | Entered Level 1 of the Orcish Mines
 27738 | Orc:2    | Entered Level 2 of the Orcish Mines
 27751 | Orc:2    | Found a staircase to the Elven Halls.
 27762 | Orc:2    | Found Baphi's Antique Weapon Emporium.
 27887 | Orc:1    | Found a radiant altar of Vehumet.
 28232 | Orc:1    | Found a roughly hewn altar of Beogh.
 28252 | Orc:1    | Offered knowledge of Iron Shot by Vehumet.
 29055 | Orc:2    | Noticed Rupert
 29081 | Orc:2    | Killed Rupert
 29081 | Orc:2    | Reached skill level 17 in Spellcasting
 30152 | Orc:2    | Found Ytiuziyp's Jewellery Emporium.
 30152 | Orc:2    | Found Wipeq's Gadget Shop.
 30154 | Orc:2    | Found Cifat's General Store.
 30154 | Orc:2    | Found Diry's Distillery.
 30549 | D:12     | Offered knowledge of Ozocubu's Refrigeration by Vehumet.
 30699 | D:12     | Found a labyrinth entrance.
 30707 | Lab      | Entered a labyrinth
 30708 | Lab      | Upgraded the game from 0.18-a0-1267-gff090c1 to 0.18-a0-1273-g8ec5f8e
 34340 | Lab      | Got a transparent shield
 34346 | Lab      | Identified the Volume of Stolen Souls (You found it in a labyrinth)
 34367 | Lab      | Learned a level 3 spell: Regeneration
 34370 | Lab      | Identified the Handbook of Displaced Curses (You found it in a labyrinth)
 34388 | Lab      | Identified the +3 shield of the Maze {rElec rPois rC- SInv} (You took it off a minotaur in a labyrinth)
 34698 | D:12     | Reached skill level 5 in Armour
 34799 | D:13     | Reached skill level 1 in Charms
 34913 | D:13     | Reached skill level 1 in Necromancy
 34945 | D:13     | Found a gate to the Vaults.
 35107 | D:13     | Got a warped rapier {elec}
 35108 | D:13     | Identified the +8 rapier "Ablyrut" {elec, *Rage rElec rN+ MR+} (You found it on level 13 of the Dungeon)
 35266 | D:13     | Learned a level 2 spell: Blink
 35965 | Swamp:1  | Entered Level 1 of the Swamp
 36451 | Swamp:1  | Reached skill level 1 in Translocations
 36747 | Swamp:1  | Noticed Roxanne
 36774 | Swamp:1  | Killed Roxanne
 36776 | Swamp:1  | Identified Roxanne's Guide on Clay and Transmigration (You took it off Roxanne on level 1 of the Swamp)
 37213 | Swamp:2  | Reached XP level 16. HP: 86/86 MP: 16/39
 37885 | Swamp:2  | Mangled by a spriggan rider

Vault maps used:
D:1:      lightli_arrival_chessboard
D:2:      uniq_iyjb, uniq_robin
D:3:      ecumenical_altar_1, kennysheep_doodads, uniq_jessica
D:4:      solitary_fountain, uniq_menkaure
D:5:      first_bread, grunt_decor_one_mirror, minmay_lizard_king
D:6:      lemuel_slime, grunt_temple_overflow_forces_of_nature,
          lemuel_temple_firewalk_marked
D:7:      grunt_temple_overflow_open, serial_shops, shop, the_bakery,
          uniq_duvessa
D:8:      dpeg_lair_monsters, uniq_pikel, uniq_grum
D:9:      david_orc_2, serial_shops, kennysheep_mini, nicolae_shop_crystal,
          nicolae_shop_stone, nicolae_shop_stone, moated_statue, st_stairs_1
D:10:     serial_shops, nicolae_shop_statue_plus
D:12:     lab_entry_generic
D:13:     erik_vaults_1
Temple:   chambers_temple_10
Lair:1:   serial_bayou_pond_b, st_stairs_8, beast_lair_carwin_2
Lair:2:   grunt_megastairs_3
Lair:3:   grunt_forest_small_clearings, st_stairs_13
Lair:4:   special_room
Lair:5:   minmay_swamp_entry_eels, roderic_batcave, st_stairs_5
Lair:6:   minmay_snake_entry_guardpost_small, guppyfry_lair_drakes,
          lemuel_fruit_fields, lemuel_fruit_tree, uniq_nessos
Lair:7:   slime_altar_1, minivault_24, beast_lair_carwin_5, grunt_megastairs_1,
          infiniplex_staircase_pool_2
Lair:8:   evilmike_catoblepas_cave, uniq_kirke
Swamp:1:  evilmike_swamp_ruin_house_1, uniq_roxanne
Swamp:2:  hangedman_swamp_blocks
Orc:1:    basic_altar, minmay_orc_temple_a
Orc:2:    grunt_orc_tribal_feast, serial_shops, shop, uniq_rupert
Lab:      labyrinth_mini_lab, nicolae_lab_grate_2, lab_hedge,
          nicolae_lab_big_swirl, labyrinth_glass_1

Action                   |  1- 3 |  4- 6 |  7- 9 | 10-12 | 13-15 | 16-18 || total
-------------------------+-------+-------+-------+-------+-------+-------++-------
Melee: Dagger            |    14 |    11 |    71 |       |       |       ||    96
       Quarterstaff      |       |     7 |       |       |       |       ||     7
       Rapier            |       |       |   100 |   423 |   543 |    35 ||  1101
       Staff             |       |       |       |    40 |       |       ||    40
 Cast: Flame Tongue      |    45 |   122 |   128 |       |       |       ||   295
       Throw Flame       |     4 |    28 |    76 |    81 |    83 |     2 ||   274
       Sticky Flame      |       |     2 |    31 |    69 |    95 |     6 ||   203
       Confuse           |       |       |     7 |    83 |    46 |     3 ||   139
       Ensorcelled Hiber |       |       |       |    32 |    46 |     1 ||    79
       Fireball          |       |       |       |    27 |   104 |     2 ||   133
       Tukima's Dance    |       |       |       |    19 |    35 |       ||    54
       Freeze            |       |       |       |     7 |     5 |       ||    12
       Bolt of Magma     |       |       |       |    16 |   125 |    15 ||   156
       Delayed Fireball  |       |       |       |       |     2 |       ||     2
       Force Lance       |       |       |       |       |    12 |     1 ||    13
       Venom Bolt        |       |       |       |       |    11 |       ||    11
       Regeneration      |       |       |       |       |     5 |     4 ||     9
       Blink             |       |       |       |       |     4 |       ||     4
 Abil: Release Delayed F |       |       |       |       |     1 |       ||     1
Evoke: Wand              |       |       |       |       |     9 |     2 ||    11
  Use: Scroll            |       |       |    11 |     8 |    22 |     1 ||    42
       Potion            |       |       |     3 |    13 |    11 |       ||    27
 Stab: Sleeping          |    13 |     6 |    10 |    38 |    58 |     1 ||   126
       Distracted        |       |       |     2 |     1 |     3 |       ||     6
       Confused          |       |       |     1 |    30 |    21 |     1 ||    53
  Eat: Chunk             |     1 |    10 |    14 |    24 |    40 |       ||    89
       Meat ration       |       |       |     1 |     1 |     2 |     1 ||     5
       Beef jerky        |       |       |     1 |     1 |     3 |       ||     5
       Fruit             |       |       |       |     1 |       |       ||     1
       Pizza             |       |       |       |     1 |     1 |       ||     2
